 Dungeon Crawl Stone Soup version 0.30.0-19-g36f170ea60 (webtiles) character file.

Game seed: 3547431003366545221

89 BillyBaka the Cutter (level 4, 0/24 HPs)
             Began as a Vine Stalker Monk on June 1, 2023.
             Slain by a sleepcap (3 damage)
             ... on level 3 of the Dungeon.
             The game lasted 00:07:27 (1907 turns).

BillyBaka the Cutter (Vine Stalker Monk)            Turns: 1907, Time: 00:07:29

Health: 0/24       AC:  8    Str: 17    XL:     4   Next: 55%
Magic:  0/5        EV:  9    Int: 10    God:
Gold:   147        SH:  0    Dex: 22    Spells: 3/3 levels left

rFire   . . .        a - +0 short sword
rCold   . . .        d - orb {light}
rNeg    . . .        n - +0 chain mail of Wu Jian's Outrage {Str+4 Dex+3}
rPois   .            (no helmet)
rElec   .            (no cloak)
rCorr   .            (no gloves)
SInv    +            (no boots)
Will    .....        (no amulet) Stlth
                     l - ring of see invisible
HPRegen 1.04/turn    (no ring)
MPRegen 0.09/turn

%: guardian spirit
@: glowing
A: fangs 2, regeneration 1, magic shield, antimagic bite, no potion heal 2
a: no special abilities


You were on level 3 of the Dungeon.
You visited 1 branch of the dungeon, and saw 3 of its levels.

You collected 147 gold pieces.

Inventory:

Hand Weapons
 a - a +0 short sword (weapon)
Missiles
 m - 3 curare-tipped darts (quivered)
Armour
 d - an orb of light (worn)
 e - a +0 ring mail
 n - the +0 chain mail of Wu Jian's Outrage (worn) {Str+4 Dex+3}
   (You found it on level 2 of the Dungeon)

   Str:       It affects your strength (+4).
   Dex:       It affects your dexterity (+3).
Jewellery
 l - a ring of see invisible (left hand)
Scrolls
 b - a scroll of magic mapping {unknown}
 g - a scroll of fear {unknown}
 j - 3 scrolls of identify {unknown}
 k - a scroll of poison {unknown}
 q - a scroll of vulnerability {unknown}
 s - 3 scrolls of amnesia {unknown}
 t - a scroll of teleportation {unknown}
Potions
 c - 2 potions of ambrosia
 f - 2 potions of flight {unknown}
 h - a potion of cancellation {unknown}
 i - a potion of degeneration {unknown}
 o - a potion of attraction {unknown}
 p - a potion of haste {unknown}
 r - a potion of magic {unknown}


   Skills:
 + Level 3.1 Fighting
 * Level 3.6 Short Blades
 + Level 0.3 Armour
 + Level 2.8 Dodging
 + Level 2.1 Stealth


You had 3 spell levels left.
You didn't know any spells.
Your spell library was empty.

Dungeon Overview and Level Annotations

Branches:
Dungeon (3/15)

Altars:


Innate Abilities, Weirdness & Mutations

You have extremely sharp teeth.
Your natural rate of healing is unusually fast.
When hurt, damage is shared between your health and your magic reserves.
Your bite disrupts and absorbs the magic of your enemies.
Potions cannot restore your health.


Message History

You are confused.
Your system rejects the healing.
You feel invigorated. The sleepcap barely misses you.
The sleepcap releases spores at you.
* * * LOW HITPOINT WARNING * * *
The sleepcap releases spores at you but does no damage.
You hit the sleepcap.
You bite the sleepcap, but do no damage.
The sleepcap is almost destroyed.
You bump into the stone wall.
The sleepcap releases spores at you but does no damage.
The sleepcap barely misses you. The sleepcap closely misses you.
The sleepcap attacks as you move away! The sleepcap closely misses you.
You feel less invigorated.
You feel less confused. The sleepcap releases spores at you.
* * * LOW HITPOINT WARNING * * *
You are engulfed in a cloud of soporific spores!
You are unaffected.
The sleepcap attacks as you move away!
The sleepcap releases spores at you but does no damage.
The sleepcap attacks as you move away! The sleepcap releases spores at you.
* * * LOW HITPOINT WARNING * * *
You hit the sleepcap but do no damage.
The sleepcap is almost destroyed.
The sleepcap releases spores at you but does no damage. x2
You hit the sleepcap but do no damage.
You bite the sleepcap, but do no damage.
The sleepcap is almost destroyed.
The sleepcap barely misses you. The rat barely misses you.
The sleepcap completely misses you. The sleepcap releases spores at you.
* * * LOW HITPOINT WARNING * * *
You are engulfed in a cloud of soporific spores!
You fall asleep.
The sleepcap releases spores at you.
You wake up.
* * * LOW HITPOINT WARNING * * *
You are engulfed in a cloud of soporific spores!
You are unaffected.
The rat bites you but does no damage.
The sleepcap releases spores at you but does no damage.
The sleepcap releases spores at you.
You die...

#. ### #... # #.# #.##
#...###.##########.
#.........>....#
#.####.........#
#....'..........
####+#+####.........#
.......@f.#.........#
......rff.'..########
..........##.# #....
.....##...##.# #....
.....#.....#)#######....
.... #.....#......##....
... ##...#######.##....
### #...# #.##.... ##.##
###.##....


You could see 3 sleepcaps and a rat.

Vanquished Creatures
  3 adders (D:2)
  A worm (D:2)
  2 dart slugs (D:1)
  An orc (D:3)
  4 ball pythons
  7 bats
  4 endoplasms
  A giant cockroach (D:1)
  8 goblins
  3 hobgoblins
  3 jackals (D:2)
  3 quokkas
  5 frilled lizards
  A kobold (D:1)
  4 rats
50 creatures vanquished.

Notes
Turn   | Place    | Note
-------+----------+-------------------------------------------
     0 | D:1      | BillyBaka the Vine Stalker Monk began the quest for the
                  | Orb.
     0 | D:1      | Reached XP level 1. HP: 11/11 MP: 2/2
   238 | D:1      | Reached XP level 2. HP: 13/16 MP: 3/3
   300 | D:1      | Reached skill level 1 in Stealth
   440 | D:1      | Reached XP level 3. HP: 19/19 MP: 4/4
   477 | D:1      | Found a faded altar of an unknown god.
  1115 | D:2      | Identified the +0 chain mail of Wu Jian's Outrage {Str+4
                  | Dex+3}
  1415 | D:2      | Gained mutation: Your natural rate of healing is unusually
                  | fast. [Vine Stalker growth]
  1415 | D:2      | Reached XP level 4. HP: 23/24 MP: 3/5
  1461 | D:2      | You fall into a shaft and drop 1 floor!
  1899 | D:3      | HP: 1/24 [sleepcap (6)]
  1904 | D:3      | HP: 1/24 [sleepcap (1)]
  1907 | D:3      | Slain by a sleepcap

Illustrated notes

Levels and vault maps discovered:
D:1:      ncdulo_lavacross, layout_basic, basic_ecumenical_altar, st_stairs_10,
          serial_bayou_pond_b
D:2:      layout_basic, minmay_misc_feat_five, minmay_crystal_room
D:3:      layout_basic, kennysheep_path_1, minmay_gold_behind_fungi,
          hellmonk_no_cap

Skill      XL: |  1  2  3 |
---------------+----------+-----
Short Blades   | 3 |  3.6
Stealth        | 1 2 |  2.1
Fighting       | 3 |  3.1
Armour         | |  0.3
Dodging        | |  2.8

Action                     |  1- 3 |  4- 6 || total
---------------------------+-------+-------++-------
  Melee: Short sword       |   119 |    73 ||   192
         Bite              |    30 |    36 ||    66
    Use: Potion            |       |     1 ||     1
 Armour: Robe              |     8 |       ||     8
         Chain mail        |     5 |    26 ||    31
         Ring mail         |     4 |       ||     4
  Dodge: Dodged            |    64 |    34 ||    98
